 Dungeon Crawl Stone Soup version 0.18.1-8-gdd0e5ea (webtiles) character file.

7375 Television the Grappler (level 10, -12/83 HPs)
             Began as a Mummy Monk on June 2, 2016.
             Mangled by a spiny frog (18 damage)
             ... on level 1 of the Lair of Beasts.
             The game lasted 00:39:38 (18416 turns).

Television the Grappler (Mummy Monk)               Turns: 18416, Time: 00:39:39

Health: -12/83     AC:  8    Str: 17    XL:     10   Next: 92%
Magic:  10/10      EV: 16    Int: 10    God:
Gold:   552        SH:  0    Dex: 15    Spells: 0 memorised, 9 levels left

rFire  x . .     SeeInvis .       - Unarmed
rCold  + . .     Gourm    .     (no armour)
rNeg   + + +     Faith    .     (no shield)
rPois  ∞         Spirit   .     (no helmet)
rElec  .         Dismiss  .     (no cloak)
rCorr  .         Reflect  .     j - +1 pair of gloves
SustAt .         Harm     .     c - +2 pair of boots
MR     ++...                    (no amulet)
Stlth  ++........               m - ring of protection from magic
                                g - +3 ring of protection

@: very resistant to hostile enchantments, unstealthy
A: no food or potions, fire vulnerability, cold resistance 1, negative energy
resistance 3, torment resistance, unbreathing
a: no special abilities


You were on level 1 of the Lair of Beasts.
You were not hungry.

You visited 2 branches of the dungeon, and saw 12 of its levels.

You collected 692 gold pieces.
You spent 140 gold pieces at shops.

Inventory:

Armour
 c - a +2 pair of boots (worn)
 e - a +0 shield
 j - a +1 pair of gloves (worn)
Jewellery
 g - a +3 ring of protection (left hand)
 h - an uncursed ring of teleportation
 l - an uncursed ring of sustain attributes
 m - a ring of protection from magic (right hand)
Scrolls
 a - 3 scrolls of enchant weapon
 b - 10 scrolls of identify
 d - 2 scrolls of fog
 f - 4 scrolls of remove curse
 i - a scroll of blinking
 k - 2 scrolls of teleportation
 n - a scroll of immolation {unknown}


   Skills:
 * Level 9.3 Fighting
 * Level 6.7 Dodging
 - Level 1.5 Stealth
 * Level 10.9 Unarmed Combat


You had 9 spell levels left.
You didn't know any spells.

Dungeon Overview and Level Annotations

Branches:
Dungeon (11/15)            Temple (0/1) D:6            Lair (1/8) D:11
    Orc: D:9-12

Altars:
Ashenzari
Elyvilon
Fedhas
Makhleb
Nemelex Xobeh
Sif Muna
Vehumet

Shops:
D:7 ?

Annotations:
D:3 Kzard's ghost, amateur TrMo
D:6 exclusion: downstairs
D:10 pragmatic's ghost, journeyman GrBe
Lair:1 exclusion: hydra


Innate Abilities, Weirdness & Mutations

You do not eat or drink.
Your flesh is vulnerable to fire.
You are immune to poison.
Your flesh is cold resistant.
You are immune to negative energy.
You are immune to unholy pain and torment.
You can survive without breathing.


Message History

The spiny frog is heavily wounded.
The spiny frog misses you.
You hit the spiny frog but do no damage.
The spiny frog is heavily wounded.
The spiny frog stings you!
You barely miss the spiny frog.
The spiny frog is heavily wounded.
The spiny frog stings you!
* * * LOW HITPOINT WARNING * * *
You barely miss the spiny frog.
The spiny frog is heavily wounded.
The spiny frog closely misses you.
You punch the spiny frog!
The spiny frog is severely wounded.
The spiny frog stings you!
* * * LOW HITPOINT WARNING * * *
You closely miss the spiny frog.
The spiny frog is severely wounded.
The spiny frog stings you!!
You die...

# ....## .# ## #..
.##...#.##.#.###..
.....##...... ...
#...##..... #..
##....##...# #..
#P...#####.####..
##...............
##.######...............
......F@................
#######.###P#####.#####.
### ### ### ##


You could see a spiny frog.

Vanquished Creatures
  A centaur skeleton (D:10)
  A rime drake (Lair:1)
  A two-headed ogre (D:9)
  Prince Ribbit (D:5)
  12 yaks
  Duvessa (D:8)
  A necrophage (D:4)
  3 ice beasts
  A sky beast (D:6)
  2 phantoms
  A black bear (D:8)
  An ogre (D:8)
  4 centaurs
  A big kobold (D:7)
  5 giant frogs
  A gnoll sergeant (D:8)
  A water moccasin zombie (D:8)
  5 scorpions
  Dowan (D:7)
  15 killer bees
  5 wights
  4 giant frog zombies
  6 crimson imps
  A centaur zombie (D:10)
  4 jellies
  13 orc wizards
  2 orc priests
  10 hounds
  2 giant frog skeletons
  2 iguanas
  7 worker ants
  A killer bee zombie (D:7)
  A hound zombie (D:9)
  2 hound skeletons
  11 adders
  8 gnolls
  2 shadow imps (D:6)
  An ooze (D:1)
  An adder zombie (D:7)
  6 worms
  3 dart slugs
  8 giant geckos
  36 orcs
  13 bats
  4 giant cockroaches
  5 goblins
  3 hobgoblins
  11 jackals
  3 quokkas
  A giant gecko skeleton (D:7)
  10 giant newts
  A jackal skeleton (D:5)
  17 kobolds
  2 quokka skeletons
  A quokka zombie (D:8)
  5 rats
271 creatures vanquished.

Notes
Turn   | Place    | Note
--------------------------------------------------------------
     0 | D:1      | Television the Mummy Monk began the quest for the Orb.
     0 | D:1      | Reached XP level 1. HP: 18/18 MP: 1/1
   421 | D:1      | Reached XP level 2. HP: 5/24 MP: 2/2
  1326 | D:1      | Reached skill level 4 in Unarmed Combat
  1837 | D:2      | Reached XP level 3. HP: 25/29 MP: 3/3
  2101 | D:2      | Found a shattered altar of Ashenzari.
  2809 | D:2      | Reached XP level 4. HP: 24/35 MP: 4/4
  3448 | D:3      | Found a radiant altar of Vehumet.
  3460 | D:3      | Found a blossoming altar of Fedhas.
  3467 | D:3      | Found a deep blue altar of Sif Muna.
  3480 | D:3      | Found a burning altar of Makhleb.
  4829 | D:3      | Noticed Kzard's ghost (amateur TrMo)
  4907 | D:3      | Reached skill level 5 in Unarmed Combat
  5239 | D:3      | Reached XP level 5. HP: 37/41 MP: 5/5
  6255 | D:5      | Entered Level 5 of the Dungeon
  6352 | D:5      | Reached XP level 6. HP: 25/48 MP: 6/6
  6811 | D:5      | Reached skill level 6 in Unarmed Combat
  7180 | D:5      | Reached XP level 7. HP: 52/55 MP: 7/7
  7666 | D:5      | Reached skill level 5 in Fighting
  7947 | D:5      | Found a sparkling altar of Nemelex Xobeh.
  7983 | D:5      | Noticed Prince Ribbit
  8164 | D:6      | Reached skill level 7 in Unarmed Combat
  8567 | D:6      | Found a staircase to the Ecumenical Temple.
  8780 | D:7      | Found Cifeth's Magic Scroll Shoppe.
  8780 | D:7      | Noticed Duvessa
  8782 | D:7      | Noticed Dowan
  8960 | D:6      | Reached XP level 8. HP: 56/64 MP: 8/8
  9227 | D:6      | Noticed a hill giant
  9949 | D:4      | Reached skill level 8 in Unarmed Combat
 10702 | D:7      | Bought a scroll of identify for 28 gold pieces
 10702 | D:7      | Bought a scroll of fog for 28 gold pieces
 10702 | D:7      | Bought a scroll of identify for 28 gold pieces
 10702 | D:7      | Bought a scroll of identify for 28 gold pieces
 10702 | D:7      | Bought a scroll of identify for 28 gold pieces
 11440 | D:7      | Reached XP level 9. HP: 43/72 MP: 9/9
 11712 | D:7      | Reached skill level 9 in Unarmed Combat
 13156 | D:7      | Killed Dowan
 13675 | D:8      | Reached skill level 10 in Unarmed Combat
 13757 | D:8      | Killed Duvessa
 14524 | D:8      | Reached XP level 10. HP: 27/82 MP: 10/10
 15736 | D:9      | Found a white marble altar of Elyvilon.
 15980 | D:9      | Reached skill level 5 in Dodging
 16376 | D:5      | Killed Prince Ribbit
 16813 | D:10     | Entered Level 10 of the Dungeon
 18001 | D:10     | Noticed pragmatic's ghost (journeyman GrBe)
 18046 | D:11     | Found a staircase to the Lair.
 18057 | Lair:1   | Entered Level 1 of the Lair of Beasts
 18095 | Lair:1   | Noticed a four-headed hydra
 18399 | Lair:1   | Noticed a spiny frog
 18416 | Lair:1   | Mangled by a spiny frog

Skill      XL: |  1  2  3  4  5  6  7  8  9 10 |
---------------+-------------------------------+-----
Unarmed Combat | 4 5 6 7 8 10 | 10.9
Fighting       | 4 5 7 8 9 |  9.3
Dodging        | 6 |  6.7
Stealth        | |  1.5

Action                   |  1- 3 |  4- 6 |  7- 9 | 10-12 || total
-------------------------+-------+-------+-------+-------++-------
Melee: Unarmed           |   142 |   285 |   636 |   359 ||  1422
       Punch             |     2 |     7 |    22 |    20 ||    51
  Use: Scroll            |       |    10 |     8 |       ||    18
 Stab: Sleeping          |     5 |     4 |     1 |     1 ||    11
       Distracted        |       |       |     2 |       ||     2
Armor: Skin              |       |    26 |   150 |    92 ||   268
Dodge: Dodged            |   115 |   159 |   389 |   223 ||   886
